 Dungeon Crawl Stone Soup version 0.14-a0-2443-g5aee772 (webtiles) character file.

114 HollowCharge the Covered (level 4, -1/31 HPs)
             Began as a Formicid Fighter on Feb 5, 2014.
             Slain by a gnoll
             ... wielding a +0,+0 halberd
              (7 damage)
             ... on Level 1 of the Dungeon.
             The game lasted 00:04:28 (1177 turns).

HollowCharge the Covered (Formicid Fighter)         Turns: 1177, Time: 00:04:28

HP  -1/31        AC  8     Str 22      XL: 4   Next: 27%
MP   4/4         EV  6     Int  7      God:
Gold 63          SH 18     Dex 10      Spells:  0 memorised,  3 levels left

rFire  . . .     SeeInvis +     a - +0 hand axe
rCold  . . .     Clarity  .     b - +0 scale mail
rNeg   . . .     Conserve .     c - +0 shield
rPois  x         rCorr    .     (helmet unavailable)
rElec  .         rRot     .     (no cloak)
SustAb . .       Spirit   .     (no gloves)
rMut   .         Warding  .     (no boots)
Saprov . . .     Stasis   +     (no amulet)
MR     .....                    (no ring)
                                (no ring)

@: not resistant to hostile enchantments, extremely unstealthy
A: permanent stasis, dig shafts and tunnels, four strong arms, poison weakness,
antennae 3, exoskeleton 1
a: Dig, Shaft Self


You were on level 1 of the Dungeon.
You were not hungry.

You visited 1 branch of the dungeon, and saw 2 of its levels.

You collected 63 gold pieces.

Inventory:

Hand weapons
 a - a +0,+0 hand axe (weapon)
Armour
 b - a +0 scale mail (worn)
 c - a +0 shield (worn)
Comestibles
 d - a bread ration
 i - a meat ration
 o - 2 chunks of hobgoblin flesh
Scrolls
 e - 2 scrolls of noise {unknown}
 g - a scroll of blinking {unknown}
 h - 3 scrolls of identify {unknown}
 j - a scroll of amnesia {unknown}
 k - a scroll of immolation {unknown}
 m - a scroll of remove curse {unknown}
Potions
 f - a potion of might {unknown}
 l - a potion of curing {unknown}
 n - a potion of heal wounds {unknown}


   Skills:
 + Level 3.5 Fighting
 * Level 2.9 Axes
 + Level 4.1 Armour
 + Level 3.2 Shields


You had 3 spell levels left.
You didn't know any spells.

Dungeon Overview and Level Annotations

Branches:
Dungeon (2/16)

Altars:
Cheibriados
Fedhas


Innate Abilities, Weirdness & Mutations

Your are under a permanent stasis effect.
You can dig through walls and to a lower floor.
Your four strong arms can wield any weapon, most with a shield.
You are susceptible to poison.
You have a pair of large antennae on your head (SInv).
Your body is surrounded by an exoskeleton. (AC +1)


Message History

The gnoll is lightly wounded.
The gnoll hits you but does no damage.
You hit the gnoll.
The gnoll is moderately wounded.
The gnoll hits you with a halberd!
* * * LOW HITPOINT WARNING * * *
You closely miss the gnoll.
The gnoll is moderately wounded.
The gnoll barely misses you.
You completely miss the gnoll.
The gnoll is moderately wounded.
You hit the gnoll.
The gnoll is severely wounded.
The gnoll hits you with a halberd.
* * * LOW HITPOINT WARNING * * *
You block the gnoll's attack.
You hit the gnoll.
The gnoll is severely wounded.
The gnoll hits you with a halberd!
You die...

#.# #.##.#.#.# #.# #.##......
#.# #######.##.#.#.#
####.####...............
#.........#####....#.#.#
#.##......# ####......
#.#####...# ###.#.# #.# #...#
#..).. #.# #@..##########.#%#
######.# #g.........##.....
#...##.# #.##.#####.###.#.#
#.#.##.# #.##.#####.##.....
####.#.##.# #.#...)......#.#.#
#....#....#####........).######.
#.#######..%.........#.....# #.
#....#....######.#.#.#...#.# #.
####.#.#### #.#.#.#...#.# #.


You could see a gnoll.

Vanquished Creatures
  2 adders (D:2)
  2 giant geckos (D:1)
  An ooze (D:1)
  4 giant cockroaches
  2 goblins
  11 hobgoblins
  A giant newt (D:2)
  4 kobolds
  2 rats (D:1)
29 creatures vanquished.

Notes
Turn   | Place    | Note
--------------------------------------------------------------
     0 | D:1      | HollowCharge, the Formicid Fighter, began the quest for the Orb.
     0 | D:1      | Reached XP level 1. HP: 16/16 MP: 1/1
   223 | D:1      | Reached XP level 2. HP: 21/21 MP: 2/2
   606 | D:1      | Reached skill level 4 in Armour
   606 | D:1      | Reached XP level 3. HP: 26/26 MP: 3/3
  1044 | D:2      | Reached XP level 4. HP: 31/31 MP: 4/4
  1051 | D:2      | Found a snail-covered altar of Cheibriados.
  1141 | D:2      | Found a blossoming altar of Fedhas.
  1177 | D:1      | Slain by a gnoll

Action                   |  1- 3 |  4- 6 || total
-------------------------+-------+-------++-------
Melee: Hand axe          |   116 |    31 ||   147
